 Dungeon Crawl Stone Soup version 0.32-a0-656-g3542139ebd (webtiles) character file.

Game seed: 14240359333910066388

131 ytrimaz the Ruffian (level 5, -2/33 HPs)
             Began as an Octopode Shapeshifter on Mar 8, 2024.
             Slain by a gnoll
             ... wielding a +0 spear
              (4 damage)
             ... on level 2 of the Dungeon.
             The game lasted 00:02:06 (2049 turns).

ytrimaz the Ruffian (Octopode Shapeshifter)         Turns: 2049, Time: 00:02:06

Health: -2/33      AC:  1    Str: 13    XL:     5   Next: 14%
Magic:  5/5        EV: 13    Int: 15    God:
Gold:   119        SH:  0    Dex: 11    Spells: 4/4 levels left

rFire   . .          .
                       - Unarmed
rCold   . . .        (no shield)
rNeg    + . .        (helmet currently unavailable)
rPois   .            (no amulet)
rElec   .            m - ring of positive energy
rCorr   .            (no ring)
SInv    .            (no ring)
Will    .....        (no ring)
Stlth   +++          (no ring)
HPRegen 0.25/turn    (no ring)
MPRegen 0.09/turn    (no ring)
                     (no ring)

%: no passive effects
@: beast-form
A: beast (slay +2), almost no armour, amphibious, 8 rings, camouflage 1,
gelatinous body 1, (nimble swimmer 1), tentacles
a: Begin Untransformation


You were on level 2 of the Dungeon.
You were a hulking beast.
You visited 1 branch of the dungeon, and saw 3 of its levels.

You collected 119 gold pieces.


Innate Abilities, Weirdness & Mutations

You are a hulking beast.
Your limbs bulge with bestial killing power. (Slay +2)
You cannot wear most types of armour.
You are amphibious.
You can wear up to eight rings at the same time.
Your skin changes colour to match your surroundings (Stealth+).
Your rubbery body absorbs attacks. (AC +1, EV +1)
((You are camouflaged when in or above water. (Stealth+)))
You have tentacles for arms and can constrict up to eight enemies at once.


   Skills:
 - Level 1.0 Fighting
 - Level 2.0 Dodging
 + Level 3.9 Stealth
 + Level 4.0 Unarmed Combat
 + Level 3.8 Shapeshifting


You had 4 spell levels left.
You didn't know any spells.
Your spell library contained the following spells:

 Spells                   Type           Power      Damage    Failure   Level
 Apportation              Tloc           0%         N/A       26%         1
 Jinxbite                 Hex            0%         N/A       38%         2
 Alistair's Intoxication  Alch           0%         N/A       100%        5

Inventory:

Magical Staves
 g - a staff of death
   (You found it on level 1 of the Dungeon)
Jewellery
 m - a ring of positive energy (left tentacle)
   (You found it on level 3 of the Dungeon)
Talismans
 b - a beast talisman (active)
 c - a flux talisman
Wands
 h - a wand of polymorph (13)
   (You found it on level 2 of the Dungeon)
Scrolls
 d - a scroll of poison {unknown}
 f - a scroll of amnesia
 l - a scroll of enchant armour {unknown}
 n - a scroll of immolation {unknown}
Potions
 a - a potion of lignification
 i - 2 potions of haste
 j - a potion of mutation {unknown}
 k - a potion of berserk rage {unknown}

Dungeon Overview and Level Annotations

Branches:
Dungeon (3/15) Zot: 15955

Altars:

.....# #....# #......# .....#
#....# #.###### .)...# ###'## #.#
.....# #.# #.# .....# #.# #.#
.....# #.########.# .....#
####.#........#
#############..g.##.####..#######
..........~.....h##.#............
#######.....#....##.#.<...#######
#######..~~.#.......#.#...#
.................####.##.##
######..~.........#.#.##.#
........~...........#.##.#
########..+####...#.#.##.# ...#
#.#.# #...#.#.##.# ...# #.#.#
#...#'#+##.#


You could see a gnoll.


Message History

You see here 17 gold pieces.
You closely miss the frilled lizard.
The frilled lizard hisses angrily.
You grab the frilled lizard.
You squeeze the frilled lizard, but do no damage.
You constrict the frilled lizard.
You kill the frilled lizard!
No target in view!
You now have 119 gold pieces (gained 17).
You see here a frilled lizard corpse.
You open the door.
There is an open door here.
Key pressed, stopping explore.
n - a scroll labelled UTAPTELOGO A gnoll comes into view.
It is wielding a +0 whip of pain.
A gnoll is nearby!
A gnoll is nearby!
A ribbon worm comes into view.
The gnoll shouts!
You hear a shout!
A gnoll comes into view. It is wielding a +0 flail.
A gnoll comes into view. It is wielding a +0 spear.
Okay, then.
A gnoll comes into view. It is wielding a +0 spear.
There is a shaft here.
The gnoll falls through a shaft!
The shaft crumbles and collapses.
You start waiting.
A ribbon worm is nearby!
You barely miss the ribbon worm. You grab the ribbon worm.
You constrict the ribbon worm. The ribbon worm bites you!
The gnoll hits you from afar with a +0 spear. 😮 HP[-13]
You take 13 damage, and now have 20/33 hp.
MASSIVE DAMAGE!! (PAUSE)
You bludgeon the ribbon worm! You squeeze the ribbon worm.
You constrict the ribbon worm.
The ribbon worm expels a string of sticky webbing.
The stream of webbing hits you but does no damage.
You are caught in a web!
The gnoll hits you from afar with a +0 spear.
* * * LOW HITPOINT WARNING * * *
😨 HP[-6]
You take 6 damage, and now have 14/33 hp.
The web tears apart.
You constrict the ribbon worm.
You kill the ribbon worm!
The gnoll hits you from afar with a +0 spear!
* * * LOW HITPOINT WARNING * * *
😱 HP[-9]
You take 9 damage, and now have 5/33 hp.
MASSIVE DAMAGE!! (PAUSE) Unknown command.
Blink to where?
Press: ? - help, Dir - move target
As you read the scroll of blinking, it crumbles to dust. 😱 HP[+1] 😱 HP[+1] 😱 HP[+1]
There is a stone staircase leading up here.
You climb upwards.
There is a stone staircase leading down here.
You start resting. 😎 HP[+25]
Your hp is fully restored (33).
You climb downwards.
There is a stone staircase leading up here.
There is a stone staircase leading up here.
There are monsters nearby!
There is a stone staircase leading up here.
The gnoll hits you with a +0 spear!
There is a stone staircase leading up here. 😕 HP[-8]
You take 8 damage, and now have 25/33 hp.
MASSIVE DAMAGE!! (PAUSE) Unknown command.
The gnoll hits you with a +0 spear.
You climb upwards.
There is a stone staircase leading down here. 😮 HP[-2]
You take 2 damage, and now have 23/33 hp.
Unknown command.
You tentacle-slap the gnoll but do no damage.
Your grab misses the gnoll.
The gnoll hits you with a +0 spear. 😮 HP[-5]
You take 5 damage, and now have 18/33 hp.
Unknown command.
You closely miss the gnoll. Your grab misses the gnoll.
The gnoll hits you with a +0 spear!
* * * LOW HITPOINT WARNING * * *
😨 HP[-8]
You take 8 damage, and now have 10/33 hp.
MASSIVE DAMAGE!! (PAUSE)
You tentacle-slap the gnoll but do no damage.
You grab the gnoll. You constrict the gnoll.
The gnoll hits you with a +0 spear!
* * * LOW HITPOINT WARNING * * *
😱 HP[-8]
You take 8 damage, and now have 2/33 hp.
MASSIVE DAMAGE!! (PAUSE)
You tentacle-slap the gnoll. You constrict the gnoll.
The gnoll hits you with a +0 spear.
You die...

Skill      XL: |  1  2  3  4 |
---------------+-------------+-----
Stealth        | 1 2 3 |  3.9
Unarmed Combat | 4 |  4.0
Fighting       | |  1.0
Dodging        | |  2.0
Shapeshifting  | |  3.8

Action                     |  1- 3 |  4- 6 || total
---------------------------+-------+-------++-------
  Melee: Unarmed           |    61 |    44 ||   105
         Constrict         |    12 |    11 ||    23
         Tentacles         |     7 |     9 ||    16
         Punch             |     1 |       ||     1
    Use: Scroll            |       |     5 ||     5
   Stab: Sleeping          |    10 |     4 ||    14
 Armour: Skin              |    16 |    26 ||    42
  Dodge: Dodged            |    25 |    14 ||    39

Levels and vault maps discovered:
D:1:      psy_arrival_radial02, layout_basic
D:2:      layout_basic, chequers_serial_rivers_micro_c
D:3:      layout_basic, ebering_ecumenical_altar_box, uniq_terence

Notes
Turn   | Place    | Note
-------+----------+-------------------------------------------
     0 | D:1      | ytrimaz the Octopode Shapeshifter began the quest for the
                  | Orb.
     0 | D:1      | Reached XP level 1. HP: 13/13 MP: 1/1
     0 | D:1      | magus.rc [v1.9.6]
    61 | D:1      | Reached skill level 1 in Stealth
    69 | D:1      | Reached XP level 2. HP: 15/18 MP: 2/2
   443 | D:1      | Reached skill level 2 in Stealth
   514 | D:1      | Reached XP level 3. HP: 14/23 MP: 3/3
  1144 | D:2      | Reached XP level 4. HP: 14/28 MP: 4/4
  1212 | D:2      | Identified the +8 spear of Xaymefod {speed, ^Drain rF++ rC+
                  | Dex+2}
  1257 | D:2      | Reached skill level 3 in Stealth
  1521 | D:3      | Noticed Terence
  1529 | D:3      | Killed Terence
  1638 | D:3      | Reached skill level 4 in Unarmed Combat
  1638 | D:3      | Reached XP level 5. HP: 31/33 MP: 5/5
  1708 | D:3      | You pick up a book of Party Tricks and begin reading...
  1708 | D:3      | You add the spells Apportation, Jinxbite and Alistair's
                  | Intoxication to your library.
  1928 | D:3      | HP: 5/33 [gnoll/+0 spear (9)]
  2048 | D:2      | HP: 2/33 [gnoll/+0 spear (9)]
  2049 | D:2      | Slain by a gnoll

Vanquished Creatures
  Terence (D:3)
  4 adders
  A dart slug (D:1)
  4 ribbon worms
  2 bats (D:2)
  8 endoplasms
  3 goblins
  10 hobgoblins
  4 jackals (D:2)
  6 kobolds
  2 quokkas (D:2)
  2 ball pythons (D:1)
  2 frilled lizards
  3 rats
52 creatures vanquished.

Table legend:
 A = Non-vault XP
 B = Vault XP
 C = Vault XP percentage of total XP
 D = Non-vault monster count
 E = Vault monster count
 F = Vault count percentage of total count
                 A         B        C        D         E       F
            +---------+---------+-------+---------+---------+-------
      Total |     150 |      38 |  20.2 |      51 |       1 |   1.9
            +---------+---------+-------+---------+---------+-------
        D:1 |      39 |       0 |   0.0 |      20 |       0 |   0.0
        D:2 |      72 |       0 |   0.0 |      19 |       0 |   0.0
        D:3 |      39 |      38 |  49.4 |      12 |       1 |   7.7
            +---------+---------+-------+---------+---------+-------

Skill      XL: |  1  2  3  4 |
---------------+-------------+-----
Stealth        | 1 2 3 |  3.9
Unarmed Combat | 4 |  4.0
Fighting       | |  1.0
Dodging        | |  2.0
Shapeshifting  | |  3.8

Action                     |  1- 3 |  4- 6 || total
---------------------------+-------+-------++-------
  Melee: Unarmed           |    61 |    44 ||   105
         Constrict         |    12 |    11 ||    23
         Tentacles         |     7 |     9 ||    16
         Punch             |     1 |       ||     1
    Use: Scroll            |       |     5 ||     5
   Stab: Sleeping          |    10 |     4 ||    14
 Armour: Skin              |    16 |    26 ||    42
  Dodge: Dodged            |    25 |    14 ||    39

Illustrated notes

Table legend:
 A = Kills in this place as a percentage of kills in the entire game.
 B = Kills by you in this place as a percentage of kills by you in the entire game.
 C = Kills by friends in this place as a percentage of kills by friends in the entire game.
 D = Other kills in this place as a percentage of other kills in the entire game.
 E = Experience gained in this place as a percentage of experience gained in the entire game.
 F = Experience gained in this place divided by the number of levels of this place that you have seen.
                   A       B       C       D       E      F
               +-------+-------+-------+-------+-------+----------------------
         Total | 100.0 | 100.0 |   N/A |   N/A | 100.0 |  62.7
       Dungeon | 100.0 | 100.0 |   N/A |   N/A | 100.0 |  62.7
               +-------+-------+-------+-------+-------+----------------------

Table legend: (Time is in decaauts)
 A = Elapsed time spent in this place.
 B = Non-inter-level travel time spent in this place.
 C = Inter-level travel time spent in this place.
 D = Time resting spent in this place.
 E = Time spent auto-exploring this place.
 F = Levels seen in this place.
 G = Mean time per level.
                   A        B        C        D        E       F      G
               +--------+--------+--------+--------+--------+-----+--------+
         Total |   2043 |   2005 |     38 |    100 |   1483 |   3 |  681.0 |
       Dungeon |   2043 |   2005 |     38 |    100 |   1483 |   3 |  681.0 |
               +--------+--------+--------+--------+--------+-----+--------+

Top non-repeatable levels by time:
     D:2: 875 daAuts
     D:1: 715 daAuts
     D:3: 452 daAuts
